 Dungeon Crawl Stone Soup version 0.26.1-11-gd32895ea62 (webtiles) character file.

Game seed: 11964530100190611194

359 dtburroughs the Chopper (level 6, -9/56 HPs)
             Began as a Minotaur Berserker on May 19, 2021.
             Was a Priest of Trog.
             Splashed by Ijyb's acid (12 damage)
             ... on level 3 of the Dungeon.
             The game lasted 00:06:43 (3474 turns).

dtburroughs the Chopper (Minotaur Berserker)        Turns: 3474, Time: 00:06:43

Health: -9/56      AC:  1    Str: 21    XL:     6   Next: 37%
Magic:  5/5        EV:  9    Int:  6    God:    Trog [***...]
Gold:   129        SH:  0    Dex: 10    Spells: 5/5 levels left

rFire    . . .     SeeInvis .   a - +0 hand axe
rCold    . . .     Faith    .   (no shield)
rNeg     . . .     Spirit   .   d - +0 chain mail
rPois    .         Reflect  .   (helmet restricted)
rElec    .         Harm     .   (no cloak)
rCorr    .         Rampage  .   (no gloves)
Will     ++...                  (no boots)
Stlth    ..........             (no amulet)
HPRegen  1.18/turn              (no ring)
MPRegen  0.09/turn              (no ring)

@: corroded, regenerating
A: retaliatory headbutt, horns 2
a: Renounce Religion, Berserk, Trog's Hand


You were on level 3 of the Dungeon.
You worshipped Trog.
Trog was most pleased with you.
You visited 1 branch of the dungeon, and saw 3 of its levels.

You collected 129 gold pieces.

Inventory:

Hand Weapons
 a - a +0 hand axe (weapon)
Armour
 d - a +0 chain mail (worn)
 f - a cursed +0 ring mail
Scrolls
 b - a scroll of fear {unknown}
 c - 3 scrolls of identify {unknown}
 j - a scroll of remove curse {unknown}
 k - a scroll of magic mapping {unknown}
 n - a scroll of fog {unknown}
 p - a scroll of enchant armour {unknown}
 r - a scroll of teleportation {unknown}
Potions
 e - a potion of lignification {unknown}
 g - 2 potions of heal wounds {unknown}
 h - a potion of magic {unknown}
 i - 3 potions of invisibility {unknown}
 l - 2 potions of attraction {unknown}
 m - 3 potions of curing {unknown}
 o - a potion of flight {unknown}
 q - a potion of haste {unknown}


   Skills:
 + Level 5.2 Fighting
 + Level 5.4 Axes
 + Level 4.6 Armour
 + Level 4.1 Dodging


You had 5 spell levels left.
You didn't know any spells.
Your spell library was empty.

Dungeon Overview and Level Annotations

Branches:
Dungeon (3/15)

Altars:
Cheibriados
Nemelex Xobeh
Okawaru
Uskayaw

Annotations:
D:3 Ijyb


Innate Abilities, Weirdness & Mutations

You reflexively headbutt those who attack you in melee.
You have a pair of horns on your head.


Message History

You start waiting.
Done waiting.
You start waiting.
Done waiting.
You climb downwards.
Level annotation: Ijyb
There is a stone staircase leading up here.
Your skin crawls.
You feel strong-willed.
Ijyb zaps a wand.
The bolt of acid hits you!
You are splashed with acid!
Ijyb screams, "I no like you!"
Ijyb zaps a wand.
The bolt of acid hits you! The acid corrodes you!
You are splashed with acid!
* * * LOW HITPOINT WARNING * * *
You barely miss Ijyb. You headbutt Ijyb, but do no damage.
The goblin hits you but does no damage.
Ijyb zaps a wand.
The bolt of acid hits you!
* * * LOW HITPOINT WARNING * * *
The acid corrodes you!
You are splashed with acid!
You die...

.## #.†gg.# '##
#≈≈......#.....# ..#
#≈≈≈.....#.....# .#
#≈≈≈≈≈≈≈#.....# ≈≈#
########≈≈≈≈≈≈##'''##≈≈≈#
##.....##....≈≈≈≈...≈≈≈≈#
#..............≈≈...≈≈###
................#...###
...............g@g###
..............(.###
...............<#
..............).#
.........(......#
...............##
##.....##.....##
######.######## # #.#


You could see Ijyb and a goblin.

Vanquished Creatures
  A centaur (D:3)
  2 orc priests (D:2)
  An orc wizard (D:3)
  Jessica (D:2)
  3 adders
  An ooze (D:3)
  3 worms
  4 dart slugs (D:1)
  A leopard gecko (D:1)
  14 orcs
  2 ball pythons (D:3)
  3 giant cockroaches
  10 goblins
  9 hobgoblins
  16 jackals
  7 kobolds
  2 quokkas
  12 bats
  4 frilled lizards
  8 rats
104 creatures vanquished.

Notes
Turn   | Place    | Note
-------+----------+-------------------------------------------
     0 | D:1      | dtburroughs the Minotaur Berserker began the quest for the
                  | Orb.
     0 | D:1      | Reached XP level 1. HP: 19/19 MP: 0/0
    88 | D:1      | Reached XP level 2. HP: 23/27 MP: 1/1
   565 | D:1      | Reached XP level 3. HP: 33/33 MP: 2/2
   565 | D:1      | Reached ** piety under Trog
   804 | D:2      | Reached XP level 4. HP: 14/40 MP: 3/3
  1148 | D:2      | Found a snail-covered altar of Cheibriados.
  1427 | D:2      | Found a sparkling altar of Nemelex Xobeh.
  1427 | D:2      | Noticed Jessica
  1438 | D:2      | Killed Jessica
  1439 | D:2      | Reached XP level 5. HP: 47/47 MP: 4/4
  1593 | D:2      | Found an iron altar of Okawaru.
  2331 | D:3      | Noticed a centaur
  2340 | D:3      | Killed a centaur
  2341 | D:3      | Reached skill level 5 in Fighting
  2341 | D:3      | Reached skill level 5 in Axes
  2341 | D:3      | Reached XP level 6. HP: 32/56 MP: 5/5
  2719 | D:3      | Reached *** piety under Trog
  2741 | D:3      | Found a hide-covered altar of Uskayaw.
  3061 | D:3      | Noticed Ijyb
  3474 | D:3      | Splashed by Ijyb's acid

Illustrated notes

Levels and vault maps discovered:
D:1:      saegor_arrival_miasma, layout_basic, serial_corexii_hall,
          corexii_hall_statues_i, chequers_hall_statues_corner_a,
          minmay_door_square, kennysheep_another_room
D:2:      layout_basic, kennysheep_okawaru_gauntlet, cheibriados_altar_1,
          nemelex_lonely_heart_becter
D:3:      kennysheep_goblin_castle, layout_rooms, nicolae_overflow_crystal_walls

Skill      XL: |  1  2  3  4  5 |
---------------+----------------+-----
Fighting       | 4 5 |  5.2
Axes           | 4 5 |  5.4
Armour         | 3 4 |  4.6
Dodging        | 3 4 |  4.1

Action                   |  1- 3 |  4- 6 || total
-------------------------+-------+-------++-------
Melee: Hand axe          |    54 |   196 ||   250
       Headbutt          |     9 |    26 ||    35
Invok: Trog's Hand       |     1 |     4 ||     5
       Berserk           |       |     1 ||     1
  Use: Potion            |       |     1 ||     1
Armor: Animal skin       |     7 |       ||     7
       Chain mail        |    32 |   120 ||   152
Dodge: Dodged            |    40 |    88 ||   128
